 Dungeon Crawl Stone Soup version 0.28.0 (webtiles) character file.

Game seed: 9688925818149038448

317 AmazingTV the Covered (level 6, -6/53 HPs)
             Began as a Minotaur Fighter on July 13, 2022.
             Was an Initiate of Okawaru.
             Splashed by a jelly's acid (7 damage)
             ... on level 4 of the Dungeon.
             The game lasted 00:05:44 (3395 turns).

AmazingTV the Covered (Minotaur Fighter)            Turns: 3395, Time: 00:05:44

Health: -6/53      AC:  0    Str: 23    XL:     6   Next: 20%
Magic:  5/5        EV:  9    Int:  5    God:    Okawaru [......]
Gold:   205        SH:  4    Dex:  9    Spells: 5/5 levels left

rFire   . . .      SeeInvis .   a - +0 flail {mace}
rCold   . . .      Faith    .   c - +0 buckler
rNeg    . . .      Spirit   .   j - +0 scale mail
rPois   .          Reflect  .   (helmet restricted)
rElec   .          Harm     .   (no cloak)
rCorr   .          Rampage  .   (no gloves)
Will    +....                   l - +0 pair of boots
Stlth   ..........              (no amulet)
HPRegen 0.17/turn               q - ring of willpower
MPRegen 0.09/turn               (no ring)

@: corroded
A: horns 2, retaliatory headbutt
a: Renounce Religion


You were on level 4 of the Dungeon.
You worshipped Okawaru.
Okawaru was noncommittal.
You visited 1 branch of the dungeon, and saw 4 of its levels.

You collected 205 gold pieces.


Innate Abilities, Weirdness & Mutations

You have a pair of horns on your head.
You reflexively headbutt those who attack you in melee.


   Skills:
 + Level 4.7 Fighting
 + Level 2.7(3.8) Axes
 + Level 3.9(4.3) Maces & Flails
 + Level 2.3 Slings
 + Level 4.8 Armour
 + Level 4.8 Shields


You had 5 spell levels left.
You didn't know any spells.
Your spell library contained the following spells:

 Spells                   Type           Power      Damage    Failure   Level
 Blink                    Tloc           0%         N/A       94%         2
 Sublimation of Blood     Necr           0%         N/A       94%         2
 Wereblood                Tmut           0%         N/A       94%         2
 Ignite Poison            Fire/Tmut/Pois 0%         N/A       99%         3
 Lesser Beckoning         Tloc           0%         N/A       99%         3
 Mephitic Cloud           Conj/Pois/Air  0%         N/A       99%         3
 Freezing Cloud           Conj/Ice/Air   0%         6-21      100%        5
 Manifold Assault         Tloc           0%         N/A       100%        5
 Animate Dead             Necr           Unusable   N/A       N/A         4
 Haunt                    Necr/Summ      Unusable   N/A       N/A         7
 Summon Hydra             Summ           Unusable   N/A       N/A         7
 Infestation              Necr           Unusable   N/A       N/A         8

Inventory:

Hand Weapons
 a - a +0 flail (weapon) {mace}
 b - a +2 antimagic war axe {axe}
   (You found it on level 1 of the Dungeon)
Missiles
 f - 165 stones
 h - 50 arrows
 i - 14 bolts
 r - 18 sling bullets
 y - a poisoned dart (quivered)
Armour
 c - a +0 buckler (worn)
 j - a +0 scale mail (worn)
 l - a +0 pair of boots (worn)
   (You found it on level 2 of the Dungeon)
 v - the +2 robe of the Flute {rF- rN+ Will+ Dex+2}
   (You found it on level 3 of the Dungeon)

   Dex:       It affects your dexterity (+2).
   rF:        It makes you vulnerable to fire.
   rN:        It protects you from negative energy.
   Will:      It increases your willpower.
Jewellery
 q - a ring of willpower (left hand)
   (You found it on level 3 of the Dungeon)
 t - a ring of ice
   (You found it on level 3 of the Dungeon)
Scrolls
 e - 3 scrolls of teleportation {unknown}
 g - 2 scrolls of identify {unknown}
 m - a scroll of immolation {unknown}
 n - a scroll of brand weapon {unknown}
 o - a scroll of silence {unknown}
 p - 2 scrolls of summoning {unknown}
 w - a scroll of enchant weapon {unknown}
Potions
 d - a potion of might
 k - 3 potions of haste {unknown}
 s - a potion of brilliance {unknown}
 u - a potion of resistance {unknown}
 x - a potion of curing {unknown}
 z - a potion of heal wounds {unknown}

Dungeon Overview and Level Annotations

Branches:
Dungeon (4/15)
 Temple: D:4-7

Altars:
Ashenzari
Dithmenos
Okawaru
Qazlal
Uskayaw
Vehumet

Shops:
D:1 : D:2

=
......(.......).....
........#####.....#
......#.......#.#.#
......##......#.#.#
########......#.#.#
#.........#.#####
###
#.......#.......#
..#
#)#..####.......#
..#####.##.#
#.@.....#
..#...#.##.#
#.J.....#
..#...#.##.#
###.....#
..#...#.##.. .#####
..#...#.###. ..
..'...'.# .. ..#
###...### ... #...#
.... #####


You could see a jelly.


Message History

A jelly and a hound come into view.
The jelly quivers.
The hound barks!
A goblin comes into view. It is wielding a +0 club.
The jelly hits you.
You are splashed with acid! 😮 HP[-12]
You take 12 damage, and now have 35/47 hp.
MASSIVE DAMAGE!! (PAUSE)
You are too injured to fight recklessly!
You sock the jelly! The acid corrodes you!
Your hands burn!
The jelly barely misses you.
The jelly hits you but does no damage. 😮 HP[-4]
You take 4 damage, and now have 31/47 hp.
You sock the jelly!
You kill the jelly!
Okawaru accepts your kill. The hound bites you.
You have reached level 6! 😮 HP[+1] MP[+1]
You now have 53 max hp (+6).
Your mp is fully restored (5).
You miss the hound. The hound bites you. The hound closely misses you.
You furiously retaliate!
You headbutt the hound. 😮 HP[-3]
You take 3 damage, and now have 29/53 hp.
You barely miss the hound. The hound barely misses you.
You furiously retaliate!
You headbutt the hound! You sock the hound!
You kill the hound!
Okawaru accepts your kill.
The goblin unwields a +0 club.
The goblin wields a +0 hunting sling.
The goblin shoots a stone.
The stone barely misses you.
The goblin unwields a +0 hunting sling.
The goblin wields a +0 club.
The goblin barely misses you.
You see here a hound corpse.
You closely miss the goblin. Your headbutt misses the goblin.
The goblin hits you but does no damage. 😮 HP[+1]
You sock the goblin!
You kill the goblin!
Okawaru accepts your kill.
You start resting.
You are no longer corroded. 😎 HP[+23]
Your hp is fully restored (53).
f - 165 stones (gained 14)
Things that are here:
a +0 club {mace}; a +0 hunting sling {sling} You open the door.
There is an open door here.
You open the door.
There is an open door here.
A goblin is nearby!
The goblin shouts!
You sock the goblin!
You kill the goblin!
Okawaru accepts your kill.
o - a scroll labelled VEHYMPA RUSMU You see here a +0 club {mace}.
y - a poisoned dart You now have 205 gold pieces (gained 12).
You hear a slurping noise.
The jelly eats the door!
A jelly comes into view.
The jelly quivers.
The jelly closely misses you.
You sock the jelly! The acid corrodes you!
Your hands burn!
You block the jelly's attack. 😕 HP[-5]
You take 5 damage, and now have 48/53 hp.
You hit the jelly.
Your hands burn!
The jelly hits you. The acid corrodes you!
You are splashed with acid! 😮 HP[-11]
You take 11 damage, and now have 37/53 hp.
MASSIVE DAMAGE!! (PAUSE)
You barely miss the jelly. The jelly hits you.
You are splashed with acid. 😮 HP[-9]
You take 9 damage, and now have 28/53 hp.
You hit the jelly but do no damage.
Your hands burn!
* * * LOW HITPOINT WARNING * * *
You headbutt the jelly. The jelly closely misses you. The jelly hits you.
* * * LOW HITPOINT WARNING * * *
You are splashed with acid.
* * * LOW HITPOINT WARNING * * *
😨 HP[-10]
You take 10 damage, and now have 18/53 hp.
You hit the jelly.
Your hands burn!
* * * LOW HITPOINT WARNING * * *
The jelly hits you.
* * * LOW HITPOINT WARNING * * *
The acid corrodes you!
You are splashed with acid!
* * * LOW HITPOINT WARNING * * *
😱 HP[-13]
You take 13 damage, and now have 5/53 hp.
MASSIVE DAMAGE!! (PAUSE)
You hit the jelly.
Your hands burn!
* * * LOW HITPOINT WARNING * * *
The jelly hits you.
* * * LOW HITPOINT WARNING * * *
The acid corrodes you!
You are splashed with acid!
You die...

Skill      XL: |  1  2  3  4  5 |
---------------+----------------+-----
Axes           | 1 2 |  2.7
Slings         | 1 2 |  2.3
Armour         | 4 |  4.8
Shields        | 4 |  4.8
Fighting       | 4 |  4.7
Maces & Flails | 3 |  3.9

Action                   |  1- 3 |  4- 6 || total
-------------------------+-------+-------++-------
Melee: Flail             |    62 |    58 ||   120
       Headbutt          |     9 |     8 ||    17
       War axe           |       |     9 ||     9
Throw: Dart              |       |     2 ||     2
Armor: Scale mail        |    30 |    28 ||    58
Dodge: Dodged            |    23 |    33 ||    56
Block: Buckler           |    12 |     9 ||    21

Levels and vault maps discovered:
D:1:      amcnicky_arrival_choice, layout_loops_corners, serial_shops,
          nicolae_shop_waterfront, minmay_misc_feat_cross
D:2:      layout_rooms, serial_shops, shop, minmay_gold_behind_fungi,
          minivault_5
D:3:      layout_basic, lemuel_doored_altar, amethyst_overflow_temple_binary,
          mainiacjoe_overflow_catch_the_wave, uniq_natasha
D:4:      layout_basic, fiery_altar_vehumet

Notes
Turn   | Place    | Note
-------+----------+-------------------------------------------
     0 | D:1      | AmazingTV the Minotaur Fighter began the quest for the Orb.
     0 | D:1      | Reached XP level 1. HP: 19/19 MP: 0/0
     0 | D:1      | magus.rc [v1.9.6]
    50 | D:1      | You pick up a book of Spatial Translocations and begin
                  | reading...
    50 | D:1      | You add the spells Blink, Lesser Beckoning and Manifold
                  | Assault to your library.
   176 | D:1      | Found Idism's Book Emporium.
   249 | D:1      | You pick up a book of Blood and begin reading...
   249 | D:1      | You add the spells Sublimation of Blood, Wereblood and
                  | Summon Hydra to your library.
   264 | D:1      | You add the spells Ignite Poison, Mephitic Cloud and
                  | Freezing Cloud to your library.
   511 | D:1      | Reached XP level 2. HP: 21/27 MP: 1/1
   960 | D:2      | Found Qinygem's Jewellery Shop.
  1094 | D:2      | Reached skill level 1 in Axes
  1094 | D:2      | Reached skill level 1 in Slings
  1094 | D:2      | Reached XP level 3. HP: 26/33 MP: 2/2
  1326 | D:2      | Reached skill level 4 in Armour
  1379 | D:2      | Reached skill level 4 in Shields
  1383 | D:2      | Reached skill level 4 in Fighting
  1537 | D:3      | Reached skill level 3 in Maces & Flails
  1643 | D:3      | You pick up a book of Death and begin reading...
  1643 | D:3      | You add the spells Animate Dead, Haunt and Infestation to
                  | your library.
  1666 | D:3      | Noticed Natasha
  1673 | D:3      | Killed Natasha
  1674 | D:3      | Reached XP level 4. HP: 40/40 MP: 3/3
  1766 | D:3      | Found a stormy altar of Qazlal.
  1814 | D:3      | Found a broken altar of Ashenzari.
  2091 | D:3      | Found an iron altar of Okawaru.
  2095 | D:3      | Became a worshipper of Warmaster Okawaru
  2106 | D:3      | Found a shadowy altar of Dithmenos.
  2211 | D:3      | Identified the +2 robe of the Flute {rF- rN+ Will+ Dex+2}
  2277 | D:3      | Found a hide-covered altar of Uskayaw.
  2425 | D:3      | Noticed Natasha
  2442 | D:3      | Killed Natasha
  2443 | D:3      | Reached skill level 2 in Axes
  2443 | D:3      | Reached XP level 5. HP: 34/47 MP: 1/4
  2529 | D:3      | Noticed Natasha
  2534 | D:3      | Killed Natasha
  2700 | D:4      | Reached skill level 2 in Slings
  2813 | D:4      | Found a radiant altar of Vehumet.
  2855 | D:4      | Noticed an orc warrior
  2898 | D:4      | HP: 9/47 [something/magic dart (8)]
  3217 | D:4      | Reached XP level 6. HP: 32/53 MP: 5/5
  3394 | D:4      | HP: 13/53 [jelly (2)]
  3394 | D:4      | HP: 5/53 [acid (8)]
  3395 | D:4      | HP: 1/53 [jelly (3)]
  3395 | D:4      | Splashed by a jelly's acid

Vanquished Creatures
  A howler monkey (D:4)
  2 hounds (D:4)
  2 jellies
  Natasha (thrice) (D:3)
  2 adders
  An adder skeleton (D:4)
  A worm (D:3)
  2 dart slugs
  2 orcs
  4 ball pythons
  3 bats
  5 endoplasms
  A giant cockroach (D:1)
  7 goblins
  6 hobgoblins
  2 quokkas
  10 kobolds
  2 rats
56 creatures vanquished.

Vanquished Creatures (others)
  5 toadstools (D:2)
5 creatures vanquished.

Grand Total: 61 creatures vanquished

Table legend:
 A = Non-vault XP
 B = Vault XP
 C = Vault XP percentage of total XP
 D = Non-vault monster count
 E = Vault monster count
 F = Vault count percentage of total count
                 A         B        C        D         E       F
            +---------+---------+-------+---------+---------+-------
      Total |     418 |      35 |   7.7 |      55 |       1 |   1.8
            +---------+---------+-------+---------+---------+-------
        D:1 |      19 |       0 |   0.0 |      11 |       0 |   0.0
        D:2 |      37 |       0 |   0.0 |      12 |       0 |   0.0
        D:3 |     157 |      35 |  18.2 |      19 |       1 |   5.0
        D:4 |     205 |       0 |   0.0 |      13 |       0 |   0.0
            +---------+---------+-------+---------+---------+-------

Illustrated notes

Table legend:
 A = Kills in this place as a percentage of kills in entire the game.
 B = Kills by you in this place as a percentage of kills by you in the entire game.
 C = Kills by friends in this place as a percentage of kills by friends in the entire game.
 D = Other kills in this place as a percentage of other kills in the entire game.
 E = Experience gained in this place as a percentage of experience gained in the entire game.
 F = Experience gained in this place divided by the number of levels of this place that you have seen.
                   A       B       C       D       E      F
               +-------+-------+-------+-------+-------+----------------------
         Total | 100.0 | 100.0 |   N/A |   N/A | 100.0 | 113.2
       Dungeon | 100.0 | 100.0 |   N/A |   N/A | 100.0 | 113.2
               +-------+-------+-------+-------+-------+----------------------

Table legend: (Time is in decaauts)
 A = Elapsed time spent in this place.
 B = Non-inter-level travel time spent in this place.
 C = Inter-level travel time spent in this place.
 D = Time resting spent in this place.
 E = Time spent auto-exploring this place.
 F = Levels seen in this place.
 G = Mean time per level.
                   A        B        C        D        E       F      G
               +--------+--------+--------+--------+--------+-----+--------+
         Total |   3432 |   3337 |     95 |    524 |   2402 |   4 |  858.0 |
       Dungeon |   3432 |   3337 |     95 |    524 |   2402 |   4 |  858.0 |
               +--------+--------+--------+--------+--------+-----+--------+

Top non-repeatable levels by time:
     D:3: 1467 daAuts
     D:1: 911 daAuts
     D:2: 636 daAuts
     D:4: 416 daAuts
